 Dungeon Crawl Stone Soup version 0.22.0-25-g7663229ff0 (webtiles) character file.

1263 emmisofia the Chopper (level 8, -4/68 HPs)
             Began as a Minotaur Fighter on Aug 20, 2018.
             Was an Initiate of Okawaru.
             Slain by an ice beast (12 damage)
             ... on level 6 of the Dungeon.
             The game lasted 00:25:55 (4708 turns).

emmisofia the Chopper (Minotaur Fighter)            Turns: 4708, Time: 00:25:56

Health: -4/68      AC:  7    Str: 22    XL:     8   Next: 27%
Magic:  16/16      EV:  9    Int:  5    God:    Okawaru [......]
Gold:   361        SH: 11    Dex: 11    Spells: 7/7 levels left

rFire    + . .     SeeInvis .   a - +1 war axe
rCold    x . .     Gourm    .   c - +0 shield
rNeg     . . .     Faith    +   b - +0 scale mail
rPois    .         Spirit   .   (helmet restricted)
rElec    .         Reflect  .   (no cloak)
rCorr    .         Harm     .   (no gloves)
MR       .....                  (no boots)
Stlth    ..........             A - amulet of faith
HPRegen  0.21/turn              n - ring of fire
MPRegen  0.15/turn              u - ring of magical power

@: no status effects
A: retaliatory headbutt, horns 2
a: Renounce Religion


You were on level 6 of the Dungeon.
You worshipped Okawaru.
Okawaru was noncommittal.
You were not hungry.

You visited 2 branches of the dungeon, and saw 7 of its levels.

You collected 361 gold pieces.

Inventory:

Hand Weapons
 a - a +1 war axe (weapon)
 x - a +2 great sword of holy wrath
Armour
 b - a +0 scale mail (worn)
 c - a +0 shield (worn)
Jewellery
 n - a ring of fire (left hand)
 u - a ring of magical power (right hand)
 A - an amulet of faith (around neck)
Wands
 s - a wand of disintegration (6)
 w - a wand of clouds (6)
 y - a wand of digging (10)
Scrolls
 e - a scroll of immolation
 o - 5 scrolls of identify
Potions
 d - a potion of might
 g - 3 potions of mutation {unknown}
 j - 2 potions of curing
 k - a potion of lignification {unknown}
 m - a potion of magic {unknown}
 p - 2 potions of haste {unknown}
 q - a potion of berserk rage {unknown}
 r - a potion of degeneration {unknown}
 z - a potion of agility {unknown}
Comestibles
 f - 4 rations
 h - 2 chunks of flesh


   Skills:
 + Level 5.2 Fighting
 + Level 7.4 Axes
 + Level 6.7 Armour
 + Level 2.7 Dodging
 + Level 0.1 Stealth
 + Level 7.0 Shields


You had 7 spell levels left.
You didn't know any spells.
Your spell library was empty.

Dungeon Overview and Level Annotations

Branches:
Dungeon (6/15)             Temple (1/1) D:6

Altars:
Ashenzari
Cheibriados
Dithmenos
Elyvilon
Fedhas
Gozag
Hepliaklqana
Kikubaaqudgha
Makhleb
Nemelex Xobeh
Okawaru
Ru
Sif Muna
Uskayaw
Vehumet
Wu Jian
Xom
Zin
The Shining One


Innate Abilities, Weirdness & Mutations

You reflexively headbutt those who attack you in melee.
You have a pair of horns on your head.


Message History

You completely miss the orc priest.
The orc priest is moderately wounded.
You hit the orc warrior but do no damage.
The orc warrior hits you with a long sword!!
You block the orc priest's attack. The orc hits you but does no damage.
You slice the orc priest!!
You kill the orc priest!
Okawaru accepts your kill.
You barely miss the orc. You hit the orc warrior.
The orc warrior closely misses you. You block the orc's attack.
The ice beast hits you. The ice beast freezes you!!
You feel a terrible chill!
* * * LOW HITPOINT WARNING * * *
Things that are here:
a dagger; a robe; an orc corpse You slash the ice beast!
The ice beast is heavily wounded.
The ice beast hits you.
* * * LOW HITPOINT WARNING * * *
The ice beast freezes you!
You feel a terrible chill!
You die...

,,,,,,,,.....,* #.).........#....
,,******......* #...........##...
,,* *,,......*##................
+*****,,.,....##.................
,,,,,*,,...,..........####.......
,,,,,***.....#†o......# #.......
,,,,,*,,,,,*#..o......####.......
,,,,,*,*#.....##Y.......#########
,,,,,*,*#.....*#@†..†....#≈≈≈§≈§≈
,,,,,*,*#...,,,+.........#≈≈≈≈§§§
,,,,,*+*#..,,,,#......#..#≈§§≈§≈§
,,,,,,,,..,,,,,#####.....#≈§§####
,,,*,,,,.*+*,,,,,,,#.....#§≈§#...
,,,+,,,,,*,*,,,,,,,#....##§≈§#.>.
,,,*,,,,,*,+,,,,,,,#....##§§§#...
,,,*,,,,,***,,,,,,,#....##§≈§####
,***,,,,,* *,,,,,,,*,,,,*#§§≈≈≈§≈


You could see an orc warrior, an ice beast and an orc.

Vanquished Creatures
  Sigmund (D:3)
  A sky beast (D:6)
  A phantom (D:4)
  3 scorpions
  2 vampire bats (D:6)
  A howler monkey (D:6)
  4 orc priests
  2 hounds
  Ijyb (D:3)
  Terence (D:3)
  An iguana (D:6)
  2 orc wizards
  2 worker ants
  A howler monkey zombie (D:5)
  Robin (D:2)
  8 gnolls
  8 adders
  A shadow imp (D:5)
  2 dart slugs (D:2)
  A leopard gecko (D:3)
  13 orcs
  2 bat skeletons (D:6)
  2 bat zombies (D:6)
  4 giant cockroaches
  21 goblins
  13 hobgoblins
  7 jackals
  13 kobolds
  3 quokkas
  8 bats
  7 frilled lizards
  A jackal skeleton (D:4)
  7 rats
145 creatures vanquished.

Notes
Turn   | Place    | Note
-------+----------+-------------------------------------------
     0 | D:1      | emmisofia the Minotaur Fighter began the quest for the Orb.
     0 | D:1      | Reached XP level 1. HP: 19/19 MP: 0/0
   160 | D:1      | Reached XP level 2. HP: 24/27 MP: 1/1
   582 | D:1      | You fall through a shaft!
   590 | D:2      | Noticed Robin
   599 | D:2      | Killed Robin
   599 | D:2      | Reached XP level 3. HP: 23/33 MP: 2/2
   659 | D:2      | Reached skill level 1 in Dodging
   874 | D:2      | Reached XP level 4. HP: 36/40 MP: 3/3
  1398 | D:2      | Found a glowing golden altar of the Shining One.
  1418 | D:2      | Found a deep blue altar of Sif Muna.
  1900 | D:3      | Reached XP level 5. HP: 45/46 MP: 4/4
  1905 | D:3      | Found a hazy altar of Hepliaklqana.
  1976 | D:3      | Noticed Ijyb
  2004 | D:3      | Killed Ijyb
  2310 | D:3      | Noticed Sigmund
  2331 | D:3      | Killed Sigmund
  2331 | D:3      | Reached skill level 5 in Axes
  2331 | D:3      | Reached skill level 5 in Armour
  2331 | D:3      | Reached skill level 5 in Shields
  2331 | D:3      | Reached XP level 6. HP: 11/53 MP: 5/5
  2478 | D:3      | Noticed Terence
  2487 | D:3      | Killed Terence
  2690 | D:4      | Reached XP level 7. HP: 39/60 MP: 6/6
  3348 | D:5      | Entered Level 5 of the Dungeon
  3351 | D:5      | Found a hide-covered altar of Uskayaw.
  3572 | D:5      | Found a burning altar of Makhleb.
  3772 | D:5      | Found a blossoming altar of Fedhas.
  4192 | D:6      | Found a staircase to the Ecumenical Temple.
  4201 | Temple   | Entered the Ecumenical Temple
  4277 | Temple   | Became a worshipper of Warmaster Okawaru
  4575 | D:6      | Found an ancient bone altar of Kikubaaqudgha.
  4585 | D:6      | Reached XP level 8. HP: 66/67 MP: 7/7
  4638 | D:6      | Reached skill level 5 in Fighting
  4645 | D:6      | Found a sparkling altar of Nemelex Xobeh.
  4650 | D:6      | Found a shadowy altar of Dithmenos.
  4708 | D:6      | Slain by an ice beast

Skill      XL: |  1  2  3  4  5  6  7  8 |
---------------+-------------------------+-----
Armour         | 4 5 6 |  6.7
Shields        | 4 5 6 7 |  7.0
Fighting       | 4 5 |  5.2
Dodging        | 1 2 |  2.7
Axes           | 3 4 5 6 7 |  7.4
Stealth        | |  0.1

Action                   |  1- 3 |  4- 6 |  7- 9 || total
-------------------------+-------+-------+-------++-------
Melee: War axe           |    84 |   150 |   117 ||   351
       Headbutt          |    13 |    30 |    21 ||    64
  Use: Potion            |       |     1 |       ||     1
       Scroll            |       |       |     6 ||     6
  Eat: Chunk             |       |     6 |     3 ||     9
       Ration            |       |       |     1 ||     1
Armor: Scale mail        |    58 |    55 |    42 ||   155
Dodge: Dodged            |    35 |    54 |    43 ||   132
Block: Shield            |    42 |    88 |    80 ||   210
